 Dungeon Crawl Stone Soup version 0.29-a0-553-g81b289dbe5 (webtiles) character file.

Game seed: 17619234417451879507

0 shadowstone the Conjurer (level 1, -1/10 HPs)
             Began as a Tengu Conjurer on June 6, 2022.
             Frozen to death by an endoplasm (4 damage)
             ... on level 1 of the Dungeon.
             The game lasted 00:00:43 (61 turns).

shadowstone the Conjurer (Tengu Conjurer)             Turns: 61, Time: 00:00:44

Health: -1/10      AC:  2    Str:  7    XL:     1   Next: 10%
Magic:  1/4        EV: 12    Int: 18    God:
Gold:   0          SH:  0    Dex: 12    Spells: 3/4 levels left

rFire   . . .      SeeInvis .   (no weapon)
rCold   . . .      Faith    .   (no shield)
rNeg    . . .      Spirit   .   a - +0 robe
rPois   .          Reflect  .   (helmet restricted)
rElec   .          Harm     .   (no cloak)
rCorr   .          Rampage  .   (no gloves)
Will    .....                   (boots unavailable)
Stlth   ++........              (no amulet)
HPRegen 0.03/turn               (no ring)
MPRegen 0.09/turn               (no ring)

@: no status effects
A: beak, talons 3
a: no special abilities


You were on level 1 of the Dungeon.
You visited 1 branch of the dungeon, and saw 1 of its levels.

Inventory:

Armour
 a - a +0 robe (worn)
Potions
 b - a potion of magic


   Skills:
 + Level 2.1 Dodging
 + Level 2.0 Stealth
 + Level 2.0 Spellcasting
 + Level 5.3 Conjurations


You had 3 spell levels left.
You knew the following spells:

 Your Spells              Type           Power      Damage    Failure   Level
a - Magic Dart            Conj           84%        1d7       1%          1

Your spell library contained the following spells:

 Spells                   Type           Power      Damage    Failure   Level
 Searing Ray              Conj           42%        2d6       3%          2
 Dazzling Flash           Conj/Hex       22%        N/A       19%         3
 Fulminant Prism          Conj/Hex       5%         3d7       52%         4
 Iskenderun's Mystic Bla  Conj/Tloc      11%        2d4       52%         4


Dungeon Overview and Level Annotations

Branches:
Dungeon (1/15)

Altars:


Innate Abilities, Weirdness & Mutations

You have a beak for a mouth.
You have claws for feet.


Message History

A rat comes into view.
You see here a scroll labelled MEEGAC KEGATO.
You see here 16 gold pieces.
You see here a scroll labelled MEEGAC KEGATO.
A dart slug and an endoplasm come into view.
Found 10 gold pieces.
The endoplasm quivers.
The rat closely misses you.
The endoplasm jiggles.
You see here a scroll labelled MEEGAC KEGATO.
The rat attacks as you move away! The rat bites you.
The rat attacks as you move away! The rat bites you. The rat misses you.
There is a stone staircase leading down here.
The magic dart hits the rat.
You kill the rat!
The endoplasm hits you.
The magic dart hits the endoplasm.
The endoplasm is moderately wounded.
The endoplasm barely misses you.
The magic dart hits the endoplasm.
The endoplasm is severely wounded.
The endoplasm hits you.
You are too injured to fight recklessly!
You are too injured to fight recklessly!
You hit the endoplasm but do no damage.
You claw the endoplasm, but do no damage.
The endoplasm is severely wounded.
The endoplasm freezes you.
You are frozen.
You barely miss the endoplasm.
The endoplasm is severely wounded.
The endoplasm freezes you.
You are frozen.
* * * LOW HITPOINT WARNING * * *
You hit the endoplasm but do no damage.
The endoplasm is severely wounded.
The endoplasm freezes you.
You are frozen.
You die...

### ### ##.## ... ##...##
##########.#
##.....###....@J†...####
###..............w..###..
...#.....##...#####.##.#
#.##...##.....# #.#.#
##.###.##.......# #?$#
.......###.....####.##$#
##.##### #....###......#
#.# #.#.## #.###### #.#
#.### #..


You could see a dart slug and an endoplasm.

Vanquished Creatures
  A rat (D:1)
1 creature vanquished.

Notes
Turn   | Place    | Note
-------+----------+-------------------------------------------
     0 | D:1      | shadowstone the Tengu Conjurer began the quest for the Orb.
     0 | D:1      | Reached XP level 1. HP: 10/10 MP: 4/4
    61 | D:1      | Frozen to death by an endoplasm

Illustrated notes

Levels and vault maps discovered:
D:1:      minmay_arrival_arboretum_large, layout_loops_ring, minmay_cut_off

Action                   || total
-------------------------++-------
Melee: Unarmed           ||     3
       Kick              ||     1
 Cast: Magic Dart        ||     3
Dodge: Dodged            ||     3

Table legend: (Time is in decaauts)
 A = Elapsed time spent in this place.
 B = Non-inter-level travel time spent in this place.
 C = Inter-level travel time spent in this place.
 D = Time resting spent in this place.
 E = Time spent auto-exploring this place.
 F = Levels seen in this place.
 G = Mean time per level.
                   A        B        C        D        E       F      G
               +--------+--------+--------+--------+--------+-----+--------+
         Total |     61 |     61 |      0 |      0 |      0 |   1 |   61.0 |
       Dungeon |     61 |     61 |      0 |      0 |      0 |   1 |   61.0 |
               +--------+--------+--------+--------+--------+-----+--------+

Top non-repeatable levels by time:
     D:1: 61 daAuts
